 Dungeon Crawl Stone Soup version 0.29.0-5-ge4962eb29e (webtiles) character file.

Game seed: 16419981893466757608

2 Arcadio the Firebug (level 1, 0/14 HPs)
             Began as a Draconian Fire Elementalist on Aug 29, 2022.
             Slain by a ball python (1 damage)
             ... on level 2 of the Dungeon.
             The game lasted 00:00:34 (74 turns).

Arcadio the Firebug (Draconian Fire Elementalist)     Turns: 74, Time: 00:00:34

Health: 0/14       AC:  4    Str: 10    XL:     1   Next: 25%
Magic:  0/3        EV:  9    Int: 15    God:
Gold:   17         SH:  0    Dex: 11    Spells: 3/4 levels left

rFire   . . .      SeeInvis .   (no weapon)
rCold   . . .      Faith    .   (no shield)
rNeg    . . .      Spirit   .   (body armour unavailable)
rPois   .          Reflect  .   (helmet restricted)
rElec   .          Harm     .   (no cloak)
rCorr   .          Rampage  .   (no gloves)
Will    .....                   (no boots)
Stlth   ++........              (no amulet)
HPRegen 0.04/turn               (no ring)
MPRegen 0.08/turn               (no ring)

@: very slightly contaminated, constricted
A: AC +4, unfitting armour, cold-blooded
a: no special abilities


You were on level 2 of the Dungeon.
You visited 1 branch of the dungeon, and saw 2 of its levels.

You collected 17 gold pieces.

Inventory:

Scrolls
 b - a scroll of fear {unknown}
Potions
 a - a potion of magic


   Skills:
 + Level 0.2 Fighting
 - Level 1.7 Dodging
 - Level 1.7 Stealth
 + Level 2.0 Spellcasting
 - Level 1.0 Conjurations
 + Level 3.0 Fire Magic


You had 3 spell levels left.
You knew the following spells:

 Your Spells              Type           Power      Damage    Failure   Level
a - Foxfire               Conj/Fire      28%        2x1d5     10%         1

Your spell library contained the following spells:

 Spells                   Type           Power      Damage    Failure   Level
 Scorch                   Fire           20%        2d6       10%         2
 Conjure Flame            Conj/Fire      7%         6-21      28%         3
 Inner Flame              Hex/Fire       6%         N/A       34%         3
 Flame Wave               Conj/Fire      7%         2d5       67%         4


Dungeon Overview and Level Annotations

Branches:
Dungeon (1/15) Zot: 11925

Altars:
Uskayaw


Innate Abilities, Weirdness & Mutations

Your plain brown scales are hard. (AC +4)
You cannot fit into any form of body armour.
You are cold-blooded and may be slowed by cold attacks.


Message History

Confirm with . or Enter, or press ? or * to list all spells.
You conjure some foxfire!
The ball python bites you. The ball python closely misses you.
A ball python comes into view.
A rat comes into view.
The foxfire hits the goblin.
The goblin is heavily wounded.
The ball python attacks as you move away!
The ball python bites you. The ball python barely misses you.
The foxfire hits the ball python.
The ball python is severely wounded.
The ball python attacks as you move away!
The ball python misses you.
Found a hide-covered altar of Uskayaw.
The ball python attacks as you move away!
The ball python barely misses you. The ball python closely misses you. x2
Found a scroll labelled NESSOR METOHEW.
The ball python attacks as you move away!
The ball python bites you but does no damage.
The ball python closely misses you.
Found a stone staircase leading down.
The ball python attacks as you move away!
The ball python bites you but does no damage.
The ball python completely misses you.
The ball python attacks as you move away!
The ball python closely misses you. The ball python barely misses you.
The ball python bites you but does no damage.
The ball python grabs you. The ball python constricts you.
Casting: Foxfire (safe; 10% risk of failure)
Confirm with . or Enter, or press ? or * to list all spells.
You miscast Foxfire.
You are very lightly contaminated with residual magic.
Nothing appears to happen.
The ball python bites you.
* * * LOW HITPOINT WARNING * * *
The ball python constricts you.
* * * LOW HITPOINT WARNING * * *
The ball python's grasp on you weakens, but your attempt to escape fails.
The ball python bites you.
* * * LOW HITPOINT WARNING * * *
The ball python constricts you. The goblin closely misses you.
The ball python's grasp on you weakens, but your attempt to escape fails.
The ball python bites you.
You die...

#.......#
####.###..Sr
#.# .. ###.#
####.r.#
#.....##
#.....###
#.._SSg.#
#....@#.#
#..........#
####.......#
#?#.......
#. >....##
#. .....# ##
.###.# .# .#


You could see a goblin, 2 ball pythons and a rat.

Vanquished Creatures
  A hobgoblin (D:2)
  A bat (D:2)
2 creatures vanquished.

Vanquished Creatures (others)
  6 foxfires (D:2)
6 creatures vanquished.

Grand Total: 8 creatures vanquished

Notes
Turn   | Place    | Note
-------+----------+-------------------------------------------
     0 | D:1      | Arcadio the Draconian Fire Elementalist began the quest for
                  | the Orb.
     0 | D:1      | Reached XP level 1. HP: 14/14 MP: 3/3
    45 | D:1      | You fall into a shaft and drop 1 floor!
    65 | D:2      | Found a hide-covered altar of Uskayaw.
    74 | D:2      | Slain by a ball python

Illustrated notes

Levels and vault maps discovered:
D:1:      dpeg_arrival_short_road, layout_basic
D:2:      layout_loops_cross, basic_altar, serial_shops,
          nicolae_shop_advertising_works [nicolae_subvault_shop_adworks]

Action                   || total
-------------------------++-------
Melee: Unarmed           ||     1
 Cast: Foxfire           ||     4
Armor: Skin              ||     5
Dodge: Dodged            ||    15
